TOP OF THE 1ST |
Nashville Sounds batting - Pitching for Buffalo Bisons : LHP Steve Taylor
|
Pitching: LHP Steve Taylor
|
|
Batting: RHB Jerry Escamilla
|
0-0: Called Strike 0-1: Foul Ball, location: 2F 0-2: Strikes out swinging
|
Batting: RHB Luis Restrepo
|
0-0: Ball 1-0: Ball 2-0: Called Strike 2-1: Called Strike 2-2: Strikes out looking
|
Batting: RHB Chris Stillions
|
0-0: Called Strike 0-1: Called Strike 0-2: Ball 1-2: Ground out 6-3 (Groundball, 6, EV 103.8 MPH)
|
Top of the 1st over - 0 runs, 0 hits, 0 errors, 0 left on base; Nashville 0 - Buffalo 0 |
BOTTOM OF THE 1ST |
Buffalo Bisons batting - Pitching for Nashville Sounds : RHP Javy Rodriquez
|
Pitching: RHP Javy Rodriquez
|
|
Batting: RHB Danny Burnside
|
0-0: Swinging Strike 0-1: Ball 1-1: Called Strike 1-2: Strikes out swinging
|
Batting: LHB Michael Byrd
|
0-0: Ground out 3-1 (Groundball, 34, EV 88.1 MPH)
|
Batting: RHB Ryan Kinkead
|
0-0: Ground out 6-3 (Groundball, 6, EV 86.9 MPH)
|
Bottom of the 1st over - 0 runs, 0 hits, 0 errors, 0 left on base; Nashville 0 - Buffalo 0 |
TOP OF THE 2ND |
Nashville Sounds batting - Pitching for Buffalo Bisons : LHP Steve Taylor
|
Batting: RHB Kevin Wiles
|
0-0: Ball 1-0: Called Strike 1-1: Swinging Strike 1-2: Strikes out swinging
|
Batting: RHB Dusty Thompson
|
0-0: Ball 1-0: Ball 2-0: Called Strike 2-1: Ball 3-1: DOUBLE (Line Drive, 7LM, EV 111.9 MPH)
|
Batting: LHB Zachary DeLuca
|
0-0: Called Strike 0-1: Called Strike 0-2: Ball 1-2: Strikes out swinging
|
Batting: LHB Angel Sanchez
|
0-0: Called Strike 0-1: Ball 1-1: Foul Ball, location: 2F 1-2: Ball 2-2: Foul Ball, location: 2F 2-2: SINGLE (Line Drive, 78M, EV 90.6 MPH) Dusty Thompson to third Runner from 3rd tries for Home, SAFE, throw by LF to home
|
Batting: RHB Hyeong-uk Lyang
|
0-0: Ball 1-0: Called Strike Angel Sanchez is caught stealing 2nd base 2-4
|
Top of the 2nd over - 1 run, 2 hits, 0 errors, 0 left on base; Nashville 1 - Buffalo 0 |
BOTTOM OF THE 2ND |
Buffalo Bisons batting - Pitching for Nashville Sounds : RHP Javy Rodriquez
|
Batting: LHB Josh Stuck
|
0-0: Ball 1-0: Called Strike 1-1: Foul Ball, location: 2F 1-2: Ball 2-2: Foul Ball, location: 2F 2-2: Ball 3-2: DOUBLE (Groundball, 3L, EV 101.9 MPH)
|
Batting: RHB Alex Ramos
|
0-0: Ground out 6-3 (Groundball, 6S, EV 70.0 MPH) Josh Stuck to third
|
Batting: RHB Greg Herzig
|
0-0: Foul Ball, location: 2F 0-1: Ball 1-1: Ball 2-1: Fly out, F8 (Flyball, 8RD, EV 97.5 MPH) Runner from 3rd tags up, SCORES, no throw by CF
|
Batting: RHB Mike Strey
|
0-0: Ball 1-0: Called Strike 1-1: Fly out, F7 (Flyball, 7, EV 90.6 MPH)
|
Bottom of the 2nd over - 1 run, 1 hit, 0 errors, 0 left on base; Nashville 1 - Buffalo 1 |
TOP OF THE 3RD |
Nashville Sounds batting - Pitching for Buffalo Bisons : LHP Steve Taylor
|
Batting: RHB Hyeong-uk Lyang
|
0-0: Fly out, F9 (Flyball, 89XD, EV 86.2 MPH)
|
Batting: RHB Mario Mejia
|
0-0: Called Strike 0-1: Foul Ball, location: 2F 0-2: Ball 1-2: Strikes out looking
|
Batting: RHB Jerry Escamilla
|
0-0: Swinging Strike 0-1: Swinging Strike 0-2: Ball 1-2: Ball 2-2: Foul Ball, location: 2F 2-2: Ground out 4-3 (Groundball, 4M, EV 84.4 MPH)
|
Top of the 3rd over - 0 runs, 0 hits, 0 errors, 0 left on base; Nashville 1 - Buffalo 1 |
BOTTOM OF THE 3RD |
Buffalo Bisons batting - Pitching for Nashville Sounds : RHP Javy Rodriquez
|
Batting: RHB Jon Aguilar
|
0-0: Ball 1-0: Ball 2-0: Foul Ball, location: 2F 2-1: Called Strike 2-2: Ball 3-2: Reached on error, E6 (Groundball, 6, EV 83.1 MPH)
|
Batting: RHB John Loving
|
0-0: Ball 1-0: SINGLE (Groundball, 6S, EV 63.1 MPH) (infield hit) Jon Aguilar to third
|
Batting: RHB Danny Burnside
|
0-0: Ball 1-0: Ball John Loving steals 2nd base 2-0: Called Strike 2-1: Ball 3-1: Fly out, F8 (Flyball, 89D, EV 96.9 MPH) Runner from 3rd tags up, SCORES, throw by CF
|
Batting: LHB Michael Byrd
|
0-0: Ground out 4-3 (Groundball, 4, EV 82.5 MPH) John Loving to third
|
Batting: RHB Ryan Kinkead
|
0-0: Ball 1-0: Called Strike 1-1: Ground out U3 (Groundball, 34, EV 83.1 MPH)
|
Bottom of the 3rd over - 1 run, 1 hit, 1 error, 1 left on base; Nashville 1 - Buffalo 2 |
TOP OF THE 4TH |
Nashville Sounds batting - Pitching for Buffalo Bisons : LHP Steve Taylor
|
Batting: RHB Luis Restrepo
|
0-0: Called Strike 0-1: Ball 1-1: Called Strike 1-2: Ball 2-2: Ball 3-2: Fly out, F8 (Line Drive, 8LM, EV 83.8 MPH)
|
Batting: RHB Chris Stillions
|
0-0: Ball 1-0: Ball 2-0: Called Strike 2-1: Foul Ball, location: 2F 2-2: Ball 3-2: Base on Balls
|
Batting: RHB Kevin Wiles
|
0-0: Ball 1-0: Called Strike 1-1: Called Strike 1-2: Foul Ball, location: 2F 1-2: Ball 2-2: Ball 3-2: Grounds into double play, 4-6-3 (Groundball, 4S, EV 79.4 MPH)
|
Top of the 4th over - 0 runs, 0 hits, 0 errors, 0 left on base; Nashville 1 - Buffalo 2 |
BOTTOM OF THE 4TH |
Buffalo Bisons batting - Pitching for Nashville Sounds : RHP Javy Rodriquez
|
Batting: LHB Josh Stuck
|
0-0: Ball 1-0: Swinging Strike 1-1: Swinging Strike 1-2: SINGLE (Groundball, 34D, EV 100.6 MPH)
|
Batting: RHB Alex Ramos
|
0-0: Swinging Strike 0-1: Called Strike Josh Stuck steals 2nd base (no throw) 0-2: Ball 1-2: Strikes out looking
|
Batting: RHB Greg Herzig
|
0-0: Ball Josh Stuck steals 3rd base 1-0: Called Strike 1-1: Swinging Strike 1-2: Strikes out swinging
|
Batting: RHB Mike Strey
|
0-0: Ball 1-0: Ground out 4-3 (Groundball, 4MS, EV 81.9 MPH)
|
Bottom of the 4th over - 0 runs, 1 hit, 0 errors, 1 left on base; Nashville 1 - Buffalo 2 |
TOP OF THE 5TH |
Nashville Sounds batting - Pitching for Buffalo Bisons : LHP Steve Taylor
|
Batting: RHB Dusty Thompson
|
0-0: Called Strike 0-1: Ball 1-1: Ball 2-1: Ball 3-1: Swinging Strike 3-2: Strikes out swinging
|
Batting: LHB Zachary DeLuca
|
0-0: Swinging Strike 0-1: Called Strike 0-2: Ball 1-2: Ball 2-2: Foul Ball, location: 2F 2-2: Ground out U3 (Groundball, 3, EV 100.6 MPH)
|
Batting: LHB Angel Sanchez
|
0-0: Ball 1-0: Ball 2-0: Ball 3-0: Called Strike 3-1: SINGLE (Groundball, 4M, EV 83.8 MPH) (infield hit)
|
Batting: RHB Hyeong-uk Lyang
|
0-0: Called Strike 0-1: Called Strike 0-2: Fly out, F8 (Flyball, 78XD, EV 95.6 MPH)
|
Top of the 5th over - 0 runs, 1 hit, 0 errors, 1 left on base; Nashville 1 - Buffalo 2 |
BOTTOM OF THE 5TH |
Buffalo Bisons batting - Pitching for Nashville Sounds : RHP Javy Rodriquez
|
Batting: RHB Jon Aguilar
|
0-0: Swinging Strike 0-1: Foul Ball, location: 2F 0-2: Ball 1-2: Ground out 4-3 (Groundball, 4, EV 81.2 MPH)
|
Batting: RHB John Loving
|
0-0: Ball 1-0: Called Strike 1-1: Called Strike 1-2: Ball 2-2: Ball 3-2: Ground out U3 (Groundball, 13, EV 76.2 MPH)
|
Batting: RHB Danny Burnside
|
0-0: Ball 1-0: Swinging Strike 1-1: Swinging Strike 1-2: DOUBLE (Flyball, 8RXD, EV 114.4 MPH)
|
Batting: LHB Michael Byrd
|
0-0: Ball 1-0: Ball 2-0: Ball 3-0: Base on Balls
|
Batting: RHB Ryan Kinkead
|
0-0: Called Strike 0-1: Foul Ball, location: 2F 0-2: Foul Ball, location: 2F 0-2: Ball 1-2: DOUBLE (Line Drive, 3D, EV 106.2 MPH) Danny Burnside scores Michael Byrd to third
|
Pitching: LHP Gregg Meyers
|
|
Batting: LHB Josh Stuck
|
0-0: Ball 1-0: Ball 2-0: Ball 3-0: Base on Balls
|
Batting: RHB Alex Ramos
|
0-0: Ball 1-0: Ball 2-0: Ball 3-0: Called Strike 3-1: Foul Ball, location: 2F 3-2: Base on Balls Michael Byrd scores Ryan Kinkead to third Josh Stuck to second
|
Batting: RHB Greg Herzig
|
0-0: Foul Ball, location: 2F 0-1: Ball 1-1: Ball 2-1: Foul Ball, location: 2F 2-2: Ball 3-2: Base on Balls Ryan Kinkead scores Josh Stuck to third Alex Ramos to second
|
Batting: RHB Mike Strey
|
0-0: Ball 1-0: Ball 2-0: Fly out, F3 (Popup, 3SF, EV 90.6 MPH)
|
Bottom of the 5th over - 3 runs, 2 hits, 0 errors, 3 left on base; Nashville 1 - Buffalo 5 |
TOP OF THE 6TH |
Nashville Sounds batting - Pitching for Buffalo Bisons : LHP Steve Taylor
|
Batting: RHB Mario Mejia
|
0-0: Foul Ball, location: 2F 0-1: Ball 1-1: Ball 2-1: Ball 3-1: Fly out, F8 (Flyball, 8RXD, EV 106.2 MPH)
|
Batting: RHB Jerry Escamilla
|
0-0: Ground out 5-3 (Groundball, 56, EV 81.9 MPH)
|
Batting: RHB Luis Restrepo
|
0-0: Ball 1-0: Foul Ball, location: 2F 1-1: Fly out, F8 (Flyball, 8LXD, EV 98.8 MPH)
|
Top of the 6th over - 0 runs, 0 hits, 0 errors, 0 left on base; Nashville 1 - Buffalo 5 |
BOTTOM OF THE 6TH |
Buffalo Bisons batting - Pitching for Nashville Sounds : LHP Gregg Meyers
|
Batting: RHB Jon Aguilar
|
0-0: Swinging Strike 0-1: Ball 1-1: Swinging Strike 1-2: Foul Ball, location: 2F 1-2: Ball 2-2: Strikes out swinging
|
Batting: RHB John Loving
|
0-0: SINGLE (Groundball, 6M, EV 100.6 MPH) (infield hit)
|
Pitching: RHP John LaMotte
|
|
Batting: RHB Danny Burnside
|
0-0: Foul Ball, location: 2F 0-1: Called Strike John Loving steals 2nd base 0-2: Ball 1-2: Foul Ball, location: 2F 1-2: Ground out 5-3 (Groundball, 56, EV 85.0 MPH)
|
Batting: LHB Michael Byrd
|
0-0: Intentional Walk
|
Batting: RHB Ryan Kinkead
|
0-0: Foul Ball, location: 2F 0-1: Called Strike 0-2: Ball 1-2: Foul Ball, location: 2F 1-2: Ball 2-2: Foul Ball, location: 2F 2-2: DOUBLE (Flyball, 8RXD, EV 101.2 MPH) John Loving scores Michael Byrd to third
|
Batting: LHB Josh Stuck
|
0-0: Called Strike 0-1: Ball 1-1: Ball 2-1: Swinging Strike 2-2: Ball 3-2: Ground out 5-3 (Groundball, 5, EV 85.0 MPH)
|
Bottom of the 6th over - 1 run, 2 hits, 0 errors, 2 left on base; Nashville 1 - Buffalo 6 |
TOP OF THE 7TH |
Nashville Sounds batting - Pitching for Buffalo Bisons : LHP Steve Taylor
|
Batting: RHB Chris Stillions
|
0-0: Ball 1-0: Ball 2-0: Foul Ball, location: 2F 2-1: Ball 3-1: Fly out, F4 (Popup, 4D, EV 53.1 MPH)
|
Pitching: LHP Josh Black
|
|
Batting: RHB Kevin Wiles
|
0-0: SINGLE (Groundball, 4D, EV 98.8 MPH)
|
Batting: RHB Dusty Thompson
|
0-0: Ball 1-0: Called Strike 1-1: Foul Ball, location: 2F 1-2: Ball 2-2: Foul Ball, location: 2F 2-2: Foul Ball, location: 2F Pickoff Throw to First - Out! 1-3 2-2: Ball 3-2: Base on Balls
|
Batting: LHB Zachary DeLuca
|
0-0: Called Strike 0-1: Ball 1-1: Ball 2-1: Foul Ball, location: 2F 2-2: SINGLE (Groundball, 34D, EV 95.6 MPH) Dusty Thompson to second Runner from 2nd tries for 3rd, OUT! 9-5
|
Top of the 7th over - 0 runs, 2 hits, 0 errors, 1 left on base; Nashville 1 - Buffalo 6 |
BOTTOM OF THE 7TH |
Buffalo Bisons batting - Pitching for Nashville Sounds : RHP John LaMotte
|
Batting: RHB Alex Ramos
|
0-0: Ball 1-0: Ball 2-0: Ball 3-0: Called Strike 3-1: Foul Ball, location: 2F 3-2: Fly out, F5 (Line Drive, 5, EV 66.9 MPH)
|
Batting: RHB Greg Herzig
|
0-0: Ball 1-0: Foul Ball, location: 2F 1-1: Called Strike 1-2: Foul Ball, location: 2F 1-2: Ball 2-2: Strikes out swinging
|
Batting: RHB Mike Strey
|
0-0: Fly out, F8 (Flyball, 78M, EV 85.0 MPH)
|
Bottom of the 7th over - 0 runs, 0 hits, 0 errors, 0 left on base; Nashville 1 - Buffalo 6 |
TOP OF THE 8TH |
Nashville Sounds batting - Pitching for Buffalo Bisons : LHP Josh Black
|
Batting: LHB Angel Sanchez
|
0-0: Ball 1-0: Called Strike 1-1: Ball 2-1: Called Strike 2-2: Strikes out looking
|
Batting: RHB Hyeong-uk Lyang
|
0-0: Ball 1-0: Ball 2-0: Ball 3-0: Called Strike 3-1: Foul Ball, location: 2F 3-2: Foul Ball, location: 2F 3-2: Fly out, F4 (Line Drive, 4, EV 64.4 MPH)
|
Batting: RHB Mario Mejia
|
0-0: Called Strike 0-1: Ball 1-1: Ball 2-1: Ball 3-1: Ground out 4-3 (Groundball, 34D, EV 103.8 MPH)
|
Top of the 8th over - 0 runs, 0 hits, 0 errors, 0 left on base; Nashville 1 - Buffalo 6 |
BOTTOM OF THE 8TH |
Buffalo Bisons batting - Pitching for Nashville Sounds : RHP John LaMotte
|
Batting: RHB Jon Aguilar
|
0-0: Ball 1-0: Ground out 1-3 (Groundball, 15S, EV 73.1 MPH)
|
Batting: RHB John Loving
|
0-0: Ball 1-0: DOUBLE (Line Drive, 89M, EV 105.6 MPH)
|
Batting: RHB Danny Burnside
|
0-0: Ball 1-0: Swinging Strike 1-1: Called Strike 1-2: Ball 2-2: Foul Ball, location: 2F 2-2: Fly out, F4 (Line Drive, 4, EV 68.1 MPH)
|
Batting: LHB Michael Byrd
|
0-0: Ball 1-0: Fly out, F7 (Flyball, 7, EV 94.4 MPH)
|
Bottom of the 8th over - 0 runs, 1 hit, 0 errors, 1 left on base; Nashville 1 - Buffalo 6 |
TOP OF THE 9TH |
Nashville Sounds batting - Pitching for Buffalo Bisons : LHP Josh Black
|
Pitching: RHP Jaime Salazar
|
|
Batting: RHB Jerry Escamilla
|
0-0: Foul Ball, location: 2F 0-1: Ground out 5-3 (Groundball, 56D, EV 90.6 MPH)
|
Batting: RHB Luis Restrepo
|
0-0: Ball 1-0: Ball 2-0: Ball 3-0: Base on Balls
|
Batting: RHB Chris Stillions
|
0-0: Called Strike 0-1: Foul Ball, location: 2F 0-2: Foul Ball, location: 2F 0-2: Strikes out looking
|
Batting: RHB Kevin Wiles
|
0-0: 2-RUN HOME RUN (Flyball, 7D, EV 100.0 MPH), Distance : 375 ft
|
Batting: RHB Dusty Thompson
|
0-0: Called Strike 0-1: Swinging Strike 0-2: Fly out, F7 (Flyball, 78S, EV 88.8 MPH)
|
Top of the 9th over - 2 runs, 1 hit, 0 errors, 0 left on base; Nashville 3 - Buffalo 6 |
|